 Dungeon Crawl Stone Soup version 0.23.1 (webtiles) character file.

Game seed: 9970809310108644622

1961 Fang the Skirmisher (level 9, -8/85 HPs)
             Began as a Gargoyle Berserker on Mar 11, 2019.
             Was an Elder of Trog.
             Mangled by an ogre
             ... wielding a +0 giant club
              (22 damage)
             ... on level 6 of the Dungeon.
             The game lasted 00:06:11 (4866 turns).

Fang the Skirmisher (Gargoyle Berserker)            Turns: 4866, Time: 00:06:12

Health: -8/85      AC: 22    Str: 29    XL:     9   Next: 19%
Magic:  9/9        EV:  9    Int:  8    God:    Trog [****..]
Gold:   221        SH:  0    Dex:  9    Spells: 8/8 levels left

rFire    . . .     SeeInvis .   a - +0 hand axe
rCold    . . .     Gourm    .   (no shield)
rNeg     + . .     Faith    .   u - +0 plate armour
rPois    ∞         Spirit   .   (no helmet)
rElec    +         Reflect  .   (no cloak)
rCorr    .         Harm     .   (no gloves)
MR       .....                  (no boots)
Stlth    ..........             (no amulet)
HPRegen  0.24/turn              k - +3 ring of slaying
MPRegen  0.11/turn              n - +3 ring of protection

@: berserking, very quick
A: negative energy resistance 1, electricity resistance, unbreathing,
petrification resistance, rot immunity, AC +6
a: Berserk, Trog's Hand, Brothers in Arms, Renounce Religion


You were on level 6 of the Dungeon.
You worshipped Trog.
Trog was greatly pleased with you.
You were hungry.

You visited 1 branch of the dungeon, and saw 6 of its levels.

You collected 221 gold pieces.

Inventory:

Hand Weapons
 a - a +0 hand axe (weapon)
 w - a cursed +4 hand axe of freezing
Armour
 u - a +0 plate armour (worn)
Jewellery
 k - a +3 ring of slaying (left hand)
 n - a +3 ring of protection (right hand)
Scrolls
 d - 2 scrolls of magic mapping {unknown}
 f - 6 scrolls of teleportation {unknown}
 g - 7 scrolls of identify {unknown}
 i - 4 scrolls of fear {unknown}
 j - a scroll of remove curse {unknown}
 l - a scroll of enchant armour {unknown}
 p - a scroll of immolation {unknown}
 t - a scroll of fog {unknown}
Potions
 e - 2 potions of berserk rage {unknown}
 h - a potion of lignification {unknown}
 m - a potion of heal wounds {unknown}
 o - a potion of mutation {unknown}
 q - a potion of haste {unknown}
 r - a potion of might {unknown}
 s - a potion of brilliance {unknown}
 v - a potion of resistance {unknown}
Comestibles
 b - 9 chunks of flesh
 c - 9 rations


   Skills:
 + Level 7.2 Fighting
 + Level 6.0 Axes
 + Level 6.7 Armour
 + Level 5.0 Dodging


You had 8 spell levels left.
You didn't know any spells.
Your spell library was empty.

Dungeon Overview and Level Annotations

Branches:
Dungeon (6/15)
 Temple: D:4-7

Altars:
Ashenzari
Makhleb
Nemelex Xobeh

Shops:
D:5 ?


Innate Abilities, Weirdness & Mutations

You are resistant to torment.
Your stone body is resilient. (AC +6)
You are immune to poison.
You resist negative energy. (rN+)
You are resistant to electric shocks. (rElec)
You can survive without breathing.
You are immune to petrification.
You are immune to rotting.


Message History

You are too injured to fight recklessly!
You are too injured to fight recklessly!
You are too injured to fight recklessly!
You are too injured to fight recklessly!
You are too injured to fight recklessly!
You are too injured to fight recklessly!
You are too injured to fight recklessly!
You are too injured to fight recklessly!
You are too injured to fight recklessly!
A red film seems to cover your vision as you go berserk!
You feel yourself moving faster!
You feel mighty!
You are feeling hungry.
The ogre hits you with a +0 giant club!
* * * LOW HITPOINT WARNING * * *
You slash the ogre!
The ogre is moderately wounded.
You slash the ogre!
The ogre is severely wounded.
The ogre hits you with a +0 giant club!!
You die...

....
.......)....##
.......[).#..#
.............#
#...###...##..#
#.# #!#.#.###.#
..#.#...###.#
...###....#
#O#)#.#..#
.#@##)...#
#.#..###.#
#.#.#..$#.#
#.#.#..###.#
#.#.#.##. ..#
#$#.#.# .# .#
###... .. .#.
### # #


You could see an ogre.

Vanquished Creatures
  Pikel (D:4)
  Grinder (D:4)
  2 slaves (D:4)
  An orc warrior (D:5)
  A sky beast (D:5)
  2 ogres (D:5)
  2 bullfrogs
  A scorpion (D:6)
  5 wights (D:6)
  A howler monkey (D:4)
  A bullfrog zombie (D:5)
  2 crimson imps
  A centaur zombie (D:5)
  A jelly (D:5)
  A bullfrog skeleton (D:4)
  2 iguanas (D:4)
  An orc wizard (D:5)
  3 worker ants
  A hound zombie (D:5)
  7 adders
  An ooze (D:1)
  4 worms
  4 dart slugs
  3 leopard geckos
  15 orcs
  10 bats
  6 giant cockroaches
  6 goblins
  6 hobgoblins
  12 jackals
  4 quokkas
  5 frilled lizards
  2 giant cockroach zombies (D:6)
  12 kobolds
  A quokka skeleton (D:5)
  8 rats
136 creatures vanquished.

Notes
Turn   | Place    | Note
-------+----------+-------------------------------------------
     0 | D:1      | Fang the Gargoyle Berserker began the quest for the Orb.
     0 | D:1      | Reached XP level 1. HP: 14/14 MP: 1/1
    33 | D:1      | Reached XP level 2. HP: 15/19 MP: 2/2
   231 | D:1      | Reached XP level 3. HP: 20/23 MP: 3/3
   250 | D:1      | Reached ** piety under Trog
   901 | D:2      | Reached XP level 4. HP: 28/29 MP: 4/4
  1049 | D:2      | Found a burning altar of Makhleb.
  1055 | D:2      | Reached skill level 4 in Fighting
  1429 | D:3      | Reached XP level 5. HP: 27/33 MP: 5/5
  1638 | D:3      | Reached *** piety under Trog
  2522 | D:4      | Reached XP level 6. HP: 21/39 MP: 6/6
  2832 | D:4      | Found a sparkling altar of Nemelex Xobeh.
  2911 | D:4      | Noticed Grinder
  2916 | D:4      | Paralysed by Grinder for 3 turns
  2922 | D:4      | Killed Grinder
  2922 | D:4      | Reached skill level 5 in Fighting
  2922 | D:4      | Reached XP level 7. HP: 44/44 MP: 7/7
  3539 | D:4      | Noticed Pikel
  3568 | D:4      | Killed Pikel
  3568 | D:4      | Reached skill level 6 in Fighting
  3568 | D:4      | Reached skill level 5 in Axes
  3568 | D:4      | Reached skill level 5 in Armour
  3568 | D:4      | Reached XP level 8. HP: 17/51 MP: 8/8
  3724 | D:5      | Entered Level 5 of the Dungeon
  3724 | D:5      | Found a shattered altar of Ashenzari.
  4052 | D:5      | Found Opoibli's Magic Scroll Emporium.
  4739 | D:6      | Reached **** piety under Trog
  4795 | D:6      | Reached XP level 9. HP: 45/56 MP: 9/9
  4805 | D:6      | Reached skill level 7 in Fighting
  4835 | D:6      | Reached skill level 5 in Dodging
  4866 | D:6      | Mangled by an ogre

Skill      XL: |  1  2  3  4  5  6  7  8  9 |
---------------+----------------------------+-----
Axes           | 3 4 5 6 |  6.0
Dodging        | 2 3 4 5 |  5.0
Armour         | 3 4 5 6 |  6.7
Fighting       | 4 5 6 7 |  7.2

Action                   |  1- 3 |  4- 6 |  7- 9 || total
-------------------------+-------+-------+-------++-------
Melee: Hand axe          |   120 |   164 |   244 ||   528
Invok: Berserk           |       |     2 |     4 ||     6
 Stab: Sleeping          |       |     1 |       ||     1
  Eat: Chunk             |       |     7 |    11 ||    18
Armor: Animal skin       |    32 |    46 |       ||    78
       Chain mail        |       |     5 |    64 ||    69
       Plate armour      |       |       |    87 ||    87
       Skin              |       |       |     3 ||     3
Dodge: Dodged            |    66 |    87 |   101 ||   254
